 Dungeon Crawl Stone Soup version 0.28-a0-932-g843f935a50 (webtiles) character file.

Game seed: 1516148469555001233

353259 EnegeticOcto the Warrior (level 21, -10/173 HPs)
             Began as a Vampire Ice Elementalist on Nov 26, 2021.
             Was a Favourite Plaything of Xom.
             Mangled by a deep troll (31 damage)
             ... led by an ironbound preserver
             ... while paralysed by you
             ... on level 3 of the Vaults on Nov 27, 2021.
             The game lasted 01:50:32 (44561 turns).

EnegeticOcto the Warrior (VpIE)                    Turns: 44561, Time: 01:50:32

Health: -10/173    AC: 12    Str:  7    XL:     21   Next: 33%
Magic:  38/42      EV:  5    Int: 29    God:    Xom [......]
Gold:   1715       SH:  0    Dex: 17    Spells: 5/36 levels left

rFire   . . .      SeeInvis +   (weapon currently unavailable)
rCold   . . .      Faith    .   (shield currently unavailable)
rNeg    + + +      Spirit   .   (armour currently unavailable)
rPois   +          Reflect  +   (helmet currently unavailable)
rElec   .          Harm     .   (cloak currently unavailable)
rCorr   .          Rampage  .   (gloves currently unavailable)
Will    ++...                   (boots currently unavailable)
Stlth   +++++.....              F - amulet of reflection
HPRegen 0.58/turn               P - +4 ring of slaying
MPRegen 0.28/turn               Z - ring "Caittute" {MP+9 Dex+2 Slay+2}

@: paralysed, mighty, agile, fungus-form (expiring), healing quickly, hasted and
slowed
A: melee confuse, terrified, no casting, tiny, alive, (fangs 3), see invisible,
vampiric 2, (iridescent scales 1), clever 1, (deformed body), (poison
resistance), no potion heal 1
}: 2/15 runes: decaying, serpentine
a: Exsanguinate, Renounce Religion


You were on level 3 of the Vaults.
You worshipped Xom.
You were a very special plaything of Xom.
You were a sentient fungus.
You visited 8 branches of the dungeon, and saw 37 of its levels.
You also visited: Bailey, Gauntlet, Ice Cave and Wizlab.

You collected 6719 gold pieces.
You spent 5004 gold pieces at shops.

Inventory:

Hand Weapons
 G - the +7 captain's cutlass (melded) {speed, disarm}
   (You bought it in a shop on level 12 of the Dungeon)

   Attacks with this weapon are significantly faster.
   It may disarm weapon-wielding foes when striking them, dealing extra damage
   in the process.
Missiles
 v - 13 curare-tipped darts
Armour
 c - a scarf of harm (melded)
   (You found it on level 4 of the Lair of Beasts)
 j - the +1 pair of boots of Vekh (melded) {Int+8 Slay+2}
   (You bought it in a shop on level 1 of the Snake Pit)

   Int:       It affects your intelligence (+8).
   Slay:      It affects your accuracy & damage with ranged weapons and melee
   (+2).
 s - a +5 kite shield of protection (melded)
   (You took it off Asterion on level 3 of the Vaults)
 y - a +2 robe of resistance (melded)
   (You took it off Boris on level 3 of the Vaults)
 D - a +2 pair of gloves (melded)
   (You found it on level 4 of the Snake Pit)
 K - a scarf of repulsion
   (You found it on level 8 of the Dungeon)
 V - the +2 hat of Darkness (melded) {Will+ Dex+3}
   (You found it in a Gauntlet)

   Dex:       It affects your dexterity (+3).
   Will:      It increases your willpower.
Jewellery
 o - a +6 ring of intelligence
   (You found it on level 2 of the Dungeon)
 q - a ring of positive energy
   (You found it on level 1 of the Snake Pit)
 w - a ring of resist corrosion
   (You found it on level 4 of the Dungeon)
 A - a ring of flight
   (You found it in a bailey)
 F - an amulet of reflection (around neck)
   (You bought it in a shop on level 12 of the Dungeon)
 P - a +4 ring of slaying (left hypha)
   (You found it on level 2 of the Snake Pit)
 S - a ring of fire
   (You found it on level 11 of the Dungeon)
 X - the ring "Zuakhlege" {Ice Will+ Str-2 SInv Stlth+}
   (You found it on level 12 of the Dungeon)

   [ring of ice]

   It enhances your ice magic.
   Str:       It affects your strength (-2).
   rF:        It makes you vulnerable to fire.
   rC:        It protects you from cold.
   SInv:      It lets you see invisible.
   Will:      It increases your willpower.
   Stlth:     It makes you more stealthy.
 Z - the ring "Caittute" (right hypha) {MP+9 Dex+2 Slay+2}
   (You bought it in a shop on level 12 of the Dungeon)

   [ring of magical power]

   Dex:       It affects your dexterity (+2).
   Slay:      It affects your accuracy & damage with ranged weapons and melee
   (+2).
   MP:        It affects your magic capacity (+9).
Wands
 i - a wand of polymorph (20)
   (You took it off a naga sharpshooter on level 2 of the Snake Pit)
 k - a wand of flame (109) {@v4}
   (You took it off Jessica on level 2 of the Dungeon)
 u - a wand of digging (7) {@v3}
   (You took it off a naga warrior on level 4 of the Snake Pit)
 H - a wand of charming (36)
   (You bought it in a shop on level 10 of the Dungeon)
 N - a wand of paralysis (37)
   (You found it on level 9 of the Dungeon)
 Q - a wand of iceblast (22) {@v2}
   (You found it on level 10 of the Dungeon)
 T - a wand of mindburst (81)
   (You took it off Maurice on level 11 of the Dungeon)
Scrolls
 b - a scroll of summoning
 h - 12 scrolls of magic mapping {@r5 !r}
 n - 5 scrolls of fog {!r}
 B - 21 scrolls of teleportation {@r3 !r}
 C - 3 scrolls of holy word
 I - 2 scrolls of vulnerability
 L - 5 scrolls of blinking {@r4}
 O - 5 scrolls of fear {!r}
 R - 3 scrolls of enchant armour
 Y - 10 scrolls of immolation
Potions
 a - 3 potions of invisibility
 d - 4 potions of lignification {@q6}
 e - 6 potions of might {@q3 !q}
 f - 11 potions of curing {@q1 !q}
 g - 12 potions of heal wounds {@q2 !q}
 m - 7 potions of haste {@q4 !q}
 p - 4 potions of cancellation
 r - 7 potions of resistance
 t - 10 potions of ambrosia
 x - 4 potions of attraction
 z - 5 potions of brilliance
 J - 5 potions of flight
 U - 5 potions of magic
Miscellaneous
 l - a lightning rod (4/4)
   (You found it on level 4 of the Snake Pit)
 E - a box of beasts
   (You found it in a bailey)
 M - a tin of tremorstones (2/2)
   (You found it on level 9 of the Dungeon)


   Skills:
 + Level 16.9 Fighting
 - Level 10.3(14.0) Short Blades
 - Level 13.9(15.0) Long Blades
 - Level 10.0 Dodging
 - Level 10.0 Stealth
 - Level 15.0 Shields
 - Level 8.0 Spellcasting
 - Level 4.0 Conjurations
 + Level 13.6 Necromancy
 - Level 3.0 Translocations
 - Level 14.0 Transmutations
 - Level 10.0 Ice Magic
 - Level 12.0 Earth Magic
 * Level 6.2 Evocations


You had 5 spell levels left.
You knew the following spells:

 Your Spells              Type           Power      Damage    Failure   Level
a - Stone Arrow           Conj/Erth      100%       3d13      1%          3
b - Irradiate             Conj/Tmut      29%        3d23      3%          5
c - Statue Form           Tmut/Erth      48%        N/A       3%          6
d - Hailstorm             Conj/Ice       51%        3d11      2%          4
e - Frozen Ramparts       Ice            100%       1d12      1%          3
f - Corpse Rot            Necr/Air       100%       N/A       1%          2
g - Passage of Golubria   Tloc           29%        N/A       13%         4
p - Passwall              Tmut/Erth      60%        N/A       1%          2
Y - Blink                 Tloc           58%        N/A       1%          2

Your spell library contained the following spells:

 Spells                   Type           Power      Damage    Failure   Level
 Animate Skeleton         Necr           100%       N/A       1%          1
 Apportation              Tloc           58%        N/A       1%          1
 Freeze                   Ice            100%       1d11      1%          1
 Magic Dart               Conj           100%       1d8       1%          1
 Pain                     Necr           100%       1d9       1%          1
 Sandblast                Erth           100%       2d20      1%          1
 Shock                    Conj/Air       92%        1d8       1%          1
 Sting                    Tmut/Pois      100%       1d8       1%          1
 Ensorcelled Hibernation  Hex/Ice        80%        N/A       1%          2
 Ozocubu's Armour         Ice            62%        N/A       1%          3
 Spider Form              Tmut/Pois      51%        N/A       1%          3
 Vampiric Draining        Necr           74%        2d11      1%          3
 Dispel Undead            Necr           74%        3d25      1%          4
 Ice Form                 Ice/Tmut       69%        N/A       1%          4
 Petrify                  Tmut/Erth      72%        N/A       1%          4
 Blade Hands              Tmut           37%        N/A       1%          5
 Excruciating Wounds      Necr           37%        N/A       1%          5
 Lee's Rapid Deconstruct  Erth           34%        3d18*     1%          5
 Animate Armour           Summ/Erth      92%        N/A       3%          4
 Summon Small Mammal      Summ           44%        N/A       4%          1
 Lesser Beckoning         Tloc           29%        N/A       4%          3
 Teleport Other           Tloc           29%        N/A       4%          3
 Summon Ice Beast         Ice/Summ       40%        N/A       6%          4
 Call Imp                 Summ           11%        N/A       7%          2
 Yara's Violent Unravell  Hex/Tmut       25%        3d11      7%          5
 Mephitic Cloud           Conj/Pois/Air  19%        N/A       9%          3
 Call Canine Familiar     Summ           11%        N/A       14%         3
 Summon Guardian Golem    Hex/Summ       11%        N/A       14%         3
 Swiftness                Air            11%        N/A       14%         3
 Tukima's Dance           Hex            11%        N/A       14%         3
 Metabolic Englaciation   Hex/Ice        20%        N/A       16%         5
 Fulminant Prism          Conj/Hex       11%        3d9       21%         4
 Manifold Assault         Tloc           29%        N/A       36%         5
 Olgreb's Toxic Radiance  Pois           11%        N/A       41%         4
 Fireball                 Conj/Fire      11%        3d7       50%         5
 Summon Forest            Summ/Tloc      10%        N/A       56%         5
 Death Channel            Necr           37%        N/A       2%          6
 Simulacrum               Ice/Necr       34%        N/A       5%          6
 Dragon Form              Tmut           37%        N/A       12%         7
 Iron Shot                Conj/Erth      27%        9d6       26%         6
 Eringya's Noxious Bog    Tmut/Pois      25%        N/A       36%         6
 Dispersal                Tloc           14%        N/A       90%         6
 Storm Form               Tmut/Air       25%        N/A       91%         7
 Starburst                Conj/Fire      11%        6d5       97%         6
 Malign Gateway           Summ/Tloc      10%        N/A       100%        7
 Summon Hydra             Summ           5%         N/A       100%        7
 Disjunction              Tloc           14%        N/A       100%        8
 Ignition                 Fire           5%         3d4       100%        8
 Summon Horrible Things   Summ           5%         N/A       100%        8
 Fire Storm               Conj/Fire      11%        8d3       100%        9
 Polar Vortex             Ice            31%        N/A       100%        9


Dungeon Overview and Level Annotations

Branches:
Dungeon (15/15)            Temple (1/1) D:6            Lair (6/6) D:11
  Swamp (4/4) Lair:4        Snake (4/4) Lair:3        Slime (0/5) Lair:5
    Orc (2/2) D:9             Elf (2/3) Orc:2        Vaults (3/5) D:13
 Depths (0/4) D:15         Bailey (visited)           IceCv (visited)
 WizLab (visited)         Gauntlet (visited)
  Crypt: Vaults:2-3

Altars:
Ashenzari
Cheibriados
Dithmenos
Elyvilon
Fedhas
Gozag
Hepliaklqana
Kikubaaqudgha
Makhleb
Nemelex Xobeh
Okawaru
Qazlal
Ru
Sif Muna
Trog
Uskayaw
Vehumet
Wu Jian
Xom
Yredelemnul
Zin
The Shining One
Beogh

Shops:
D:7 *   D:9 (   D:10 *   D:12 ?(=[   Orc:2 *(:[   Elf:1 (   Snake:1 [(*:
Snake:3 (   Vaults:2 *?

Annotations:
D:15 exclusion: orange crystal statue
Lair:6 3 runed translucent doors, exclusion: 3 doors, Lybbagupt's ghost, journeyman SpEn
Snake:3 Roxanne
Elf:2 3 runed translucent doors, exclusion: door


Innate Abilities, Weirdness & Mutations

You are a sentient fungus.
You are tiny and evasive.
Your melee attack releases spores that confuse breathing creatures.
You become terrified and freeze when enemies are visible.
Your armour is entirely melded.
You are incapable of wielding weapons or throwing items.
You cannot cast spells.
Your natural rate of healing is accelerated.
((You have razor-sharp teeth.))
You have supernaturally acute eyesight. (SInv)
You are afflicted with vampirism and can become a bat while bloodless.
((You are partially covered in iridescent scales. (AC +2)))
Your mind is acute. (Int +2)
((Armour fits poorly on your strangely shaped body.))
((Your system is resistant to poisons. (rPois)))
Potions are less effective at restoring your health.


Message History

You are engulfed in seething chaos.
You impale the deep troll!!
You kill the deep troll!
You are engulfed in seething chaos.
You feel yourself slow down. You block the deep troll's attack.
The deep troll claws you but does no damage. x2
You hit the deep troll.
The deep troll is lightly wounded.
You are engulfed in seething chaos.
You feel very mighty all of a sudden.
You puncture the deep troll! You bite the deep troll!
The deep troll is heavily wounded.
You are engulfed in seething chaos.
The deep troll bites you but does no damage.
You block the deep troll's attack. x3
The deep troll claws you but does no damage. x2
You puncture the deep troll! You bite the deep troll!
The deep troll is almost dead.
You are engulfed in seething chaos.
You revert to your normal fleshy form.
Your +2 pair of gloves unmelds from your body.
The +1 pair of boots of Vekh {Int+8 Slay+2} unmelds from your body.
Your +2 robe of resistance unmelds from your body.
You feel resistant to extremes of temperature.
You turn into a sentient fungus.
The +7 captain's cutlass {speed, disarm} melds into your body.
Your scarf of harm melds into your body.
The +2 hat of Darkness {Will+ Dex+3} melds into your body.
Your +2 pair of gloves melds into your body.
The +1 pair of boots of Vekh {Int+8 Slay+2} melds into your body.
Your +5 kite shield of protection melds into your body.
Your +2 robe of resistance melds into your body.
You feel less protected.
You feel hot and cold all over.
The deep troll is engulfed in seething chaos.
You release spores at the deep troll!
You kill the deep troll!
You are engulfed in seething chaos.
You completely miss the deep troll.
The deep troll is heavily wounded.
You are engulfed in seething chaos.
The deep troll is engulfed in seething chaos.
The deep troll completely misses you. The deep troll closely misses you.
The deep troll claws you but does no damage.
The deep troll is engulfed in seething chaos.
You release spores at the deep troll!
The deep troll appears confused.
The deep troll is severely wounded.
You are engulfed in seething chaos.
You feel as though you will be slow longer.
You release spores at the deep troll!!
You kill the deep troll!
The troll leather armour is intact enough to wear.
You are engulfed in seething chaos.
You feel agile all of a sudden.
The deep troll is engulfed in seething chaos.
The deep troll suddenly seems more agile.
The deep troll completely misses you. The deep troll closely misses you.
The deep troll completely misses you.
The deep troll is engulfed in seething chaos.
The deep troll seems to slow down.
Xom is highly amused!
The deep troll completely misses you. The deep troll claws you.
The deep troll closely misses you.
You release spores at the deep troll!
The deep troll is moderately wounded.
You are engulfed in seething chaos.
You suddenly lose the ability to move!
The deep troll is engulfed in seething chaos.
The deep troll bites you but does no damage.
The deep troll claws you! The deep troll claws you.
You are engulfed in seething chaos.
The deep troll is engulfed in seething chaos.
The deep troll suddenly seems more agile.
The deep troll bites you but does no damage.
The deep troll claws you but does no damage.
The deep troll claws you.
The deep troll is engulfed in seething chaos.
The deep troll goes berserk!
Xom is highly amused!
The deep troll bites you! The deep troll claws you!! The deep troll claws you!
You are engulfed in seething chaos.
Your transformation is almost over.
The deep troll is engulfed in seething chaos.
The deep troll seems to speed up.
The deep troll barely misses you. The deep troll claws you.
The deep troll claws you!
* * * LOW HITPOINT WARNING * * *
The deep troll is engulfed in seething chaos.
The deep troll bites you but does no damage.
The deep troll claws you.
* * * LOW HITPOINT WARNING * * *
The deep troll closely misses you.
You are engulfed in seething chaos.
The deep troll is engulfed in seething chaos.
The deep troll bites you!!
* * * LOW HITPOINT WARNING * * *
The deep troll claws you but does no damage.
The deep troll claws you.
* * * LOW HITPOINT WARNING * * *
The deep troll is engulfed in seething chaos.
The deep troll bites you!!
You die...
Xom cackles wildly!

###### .. ..
...... .....
...... #...#
######
########.#.#
#...#..#...#
####'###..#
#.#§.§§#§.#
#$'.§§fT..#
#.#!§§T#§.#
####§###†.#
#...#..#..#
########..#
#........#
#...<...##
#......##
#......#


You could see 2 deep trolls.

Vanquished Creatures
  Boris (Vaults:3)
  Bai Suzhen (Swamp:3)
  Vashnia (Snake:3)
  Jorgrun (D:15)
  A tentacled monstrosity (Swamp:4)
  The ghost of wpisznazwe the Shatterer, an adept TrAK of Lugonu (Vaults:1)
  Asterion (Vaults:3)
  An eldritch tentacle (Vaults:3)
  Gastronok (D:11)
  2 thorn hunters
  Kirke (Lair:4)
  A sphinx (WizLab)
  10 nagarajas
  An azure jelly (Snake:4)
  A fire giant (D:15)
  A deep elf sorcerer (WizLab)
  Aizul (Snake:3)
  6 vault wardens
  An iron dragon (Vaults:3)
  3 orc warlords
  11 ironbound preservers
  4 demonspawn corrupters (WizLab)
  4 war gargoyles
  4 very ugly things (Vaults:2)
  A stone giant (D:15)
  Nessos (Lair:4)
  4 dire elephants
  2 bunyips
  A minotaur (Gauntlet)
  An entropy weaver (Vaults:2)
  A merfolk javelineer (WizLab)
  A deep elf annihilator (Elf:1)
  2 shambling mangroves
  3 crystal guardians (Vaults:1)
  3 eleionomae
  An ettin (WizLab)
  The ghost of dosdet the Basher, a journeyman MiFi (Orc:2)
  A deep elf high priest (WizLab)
  2 great orbs of eyes
  3 boulder beetles
  19 hydras
  12 vault guards
  5 ironbound thunderhulks
  3 salamander tyrants (Snake:4)
  2 ghost crabs (Swamp:1)
  3 yaktaur captains
  12 naga warriors
  Erica (D:11)
  4 catoblepae
  5 ogre magi
  11 centaur warriors
  3 peacekeepers (Vaults:1)
  6 two-headed ogres
  A death knight (D:14)
  16 death yaks
  8 ironbound frosthearts
  6 anacondas
  9 alligators
  10 dancing weapons
  An orc high priest (Orc:2)
  3 tengu warriors
  Urug (D:10)
  12 naga sharpshooters
  12 shock serpents
  Nergalle (D:12)
  A hell knight (WizLab)
  13 deep elf knights
  2 sea snakes
  A shadow wraith (Vaults:1)
  A salamander mystic (Snake:4)
  5 skeletal warriors (D:14)
  4 goliath frogs
  2 death drakes
  11 swamp dragons
  7 spriggan druids
  5 bog bodies
  2 glowing orange brains
  32 deep trolls
  6 deep elf archers
  15 lindwurms
  6 harpies (Vaults:1)
  10 orc knights
  19 wizards
  8 ironbound convokers
  8 naga ritualists
  A phantasmal warrior (D:14)
  2 necromancers
  An orb spider (shapeshifter) (WizLab)
  4 orc sorcerers
  Pikel (D:6)
  11 mana vipers
  4 cyclopes
  18 deep elf pyromancers
  17 deep elf zephyrmancers
  A wolf spider (shapeshifter) (WizLab)
  24 ugly things
  A manticore (D:14)
  11 salamanders
  A moth of wrath (Gauntlet)
  5 will-o-the-wisps
  23 elephants (Lair:3)
  4 worldbinders (WizLab)
  A stone giant skeleton (Vaults:1)
  A centaur zombie (D:11)
  A black mamba (shapeshifter) (D:15)
  Joseph (D:7)
  10 vault sentinels
  7 guardian serpents
  34 black mambas
  9 naga magi
  Maurice (D:11)
  A torpor snail (shapeshifter) (D:15)
  5 torpor snails (Lair:3)
  A water nymph (WizLab)
  6 orange demons
  2 kobold demonologists
  11 rime drakes
  12 cane toads
  2 freezing wraiths
  4 komodo dragons
  10 yaktaurs
  A tengu conjurer (Gauntlet)
  A komodo dragon (shapeshifter) (Elf:2)
  A yaktaur skeleton (Vaults:1)
  2 red devils (D:14)
  3 jumping spiders (Vaults:3)
  A queen bee (Lair:1)
  3 trolls
  9 tyrant leeches
  3 bloated husks (Swamp:1)
  A merfolk (shapeshifter) (Vaults:1)
  19 hornets
  6 polar bears
  8 slime creatures
  A dream sheep (shapeshifter) (D:15)
  13 human skeletons
  7 blink frogs
  Sigmund (D:3)
  2 centaur simulacra (D:11)
  A vampire (D:9)
  14 spriggans
  A tarantella (Vaults:2)
  10 redbacks
  2 shadows
  43 yaks
  6 wyverns
  An elf zombie (Vaults:1)
  2 fire elementals (Elf:1)
  6 basilisks
  A golden eye (shapeshifter) (Elf:2)
  2 hogs (Lair:4)
  A steam dragon (D:4)
  2 humans (D:13)
  41 nagas
  2 vampire mosquitoes (Swamp:1)
  23 swamp worms
  7 wargs
  2 spatial vortices (Vaults:3)
  29 water moccasins
  A floating eye (Snake:4)
  A sky beast (D:8)
  31 orc warriors
  3 swamp drakes (Swamp:4)
  3 ice beasts
  5 black bears
  3 necrophages (D:6)
  10 boggarts
  19 wolves
  10 ogres
  17 centaurs
  2 kobold brigands
  9 bullfrogs
  5 earth elementals
  2 scorpions
  2 two-headed ogre simulacra (D:11)
  A hornet simulacrum (D:14)
  A wyvern skeleton (D:7)
  A water moccasin skeleton (D:5)
  36 killer bees
  13 wights
  5 electric eels
  7 jellies
  A bullfrog skeleton (D:7)
  3 gnoll shamans
  17 orc priests
  A bullfrog zombie (D:5)
  A centaur skeleton (D:4)
  Jessica (D:2)
  5 iguanas
  Terence (D:2)
  20 orc wizards
  5 hell rats (Lair:5)
  A spriggan simulacrum (D:11)
  2 hound skeletons
  A howler monkey zombie (D:9)
  20 gnolls
  6 adders
  A naga simulacrum (D:11)
  4 river rats (D:6)
  5 white imps
  3 worms
  3 dart slugs
  77 orcs
  4 bats
  8 endoplasms
  4 giant cockroaches
  7 hobgoblins
  3 jackals (D:2)
  3 quokkas
  5 ball pythons
  4 frilled lizards
  25 goblins
  37 kobolds
  5 rats
  18 briar patches
1426 creatures vanquished.

Vanquished Creatures (collateral kills)
  A sphinx (WizLab)
  A great orb of eyes (WizLab)
  A hydra (Swamp:4)
  An alligator (Swamp:1)
  A naga ritualist (Snake:3)
  A lindwurm (Swamp:4)
  A mana viper (Snake:3)
  A manticore (WizLab)
  2 nagas
  A black bear (D:11)
  2 orc priests (Orc:2)
13 creatures vanquished.

Vanquished Creatures (others)
  A dancing weapon (Snake:3)
  An alligator (Swamp:4)
  A shock serpent (Snake:4)
  A swamp dragon (Swamp:1)
  A vault sentinel (Vaults:3)
  A spriggan (Swamp:1)
  A hog (Lair:4)
  A swamp worm (Swamp:1)
  A boggart (Vaults:1)
  An adder (D:4)
  2 briar patches
  14 foxfires
  149 fungi
  211 plants
386 creatures vanquished.

Grand Total: 1825 creatures vanquished

Notes
Turn   | Place    | Note
-------+----------+-------------------------------------------
     0 | D:1      | EnegeticOcto the Vampire Ice Elementalist began the quest
                  | for the Orb.
     0 | D:1      | Reached XP level 1. HP: 13/13 MP: 3/3
   143 | D:1      | Reached skill level 4 in Stealth
   175 | D:1      | Reached XP level 2. HP: 20/20 MP: 1/5
   336 | D:1      | Reached skill level 1 in Fighting
   733 | D:1      | Gained mutation: You are afflicted with vampirism and can
                  | become a bat while bloodless. [Vampire growth]
   733 | D:1      | Reached XP level 3. HP: 26/26 MP: 4/6
   737 | D:1      | Learned a level 3 spell: Frozen Ramparts
  1077 | D:2      | Noticed Jessica
  1081 | D:2      | Killed Jessica
  1082 | D:2      | Reached skill level 5 in Ice Magic
  1183 | D:2      | Reached XP level 4. HP: 32/32 MP: 0/7
  1447 | D:2      | Noticed Terence
  1911 | D:2      | Found a faded altar of an unknown god.
  1934 | D:2      | Learned a level 3 spell: Ozocubu's Armour
  1999 | D:2      | Killed Terence
  2000 | D:2      | Reached skill level 6 in Ice Magic
  2000 | D:2      | Reached XP level 5. HP: 26/37 MP: 2/8
  2291 | D:3      | Noticed Sigmund
  2300 | D:3      | Killed Sigmund
  2301 | D:3      | Reached skill level 3 in Spellcasting
  2301 | D:3      | Reached XP level 6. HP: 43/43 MP: 8/10
  2416 | D:3      | Learned a level 2 spell: Blink
  2419 | D:3      | Learned a level 2 spell: Passwall
  2431 | D:3      | Found a basalt altar of Yredelemnul.
  2992 | D:4      | Noticed a yak
  2992 | D:4      | Noticed a yak
  2994 | D:4      | Noticed a yak
  3004 | D:4      | Killed a yak
  3005 | D:4      | Reached skill level 4 in Spellcasting
  3005 | D:4      | Reached skill level 7 in Ice Magic
  3006 | D:4      | Killed a yak
  3007 | D:4      | Reached skill level 3 in Fighting
  3007 | D:4      | Reached XP level 7. HP: 46/52 MP: 5/13
  3007 | D:4      | Killed a yak
  3008 | D:4      | Reached skill level 4 in Fighting
  3113 | D:4      | Reached skill level 3 in Dodging
  3138 | D:4      | Noticed a steam dragon
  3161 | D:4      | Killed a steam dragon
  3162 | D:4      | Reached skill level 1 in Transmutations
  3586 | D:5      | Entered Level 5 of the Dungeon
  3598 | D:5      | Reached skill level 1 in Earth Magic
  3598 | D:5      | Reached XP level 8. HP: 60/60 MP: 8/14
  3603 | D:5      | Learned a level 4 spell: Hailstorm
  3738 | D:5      | Reached skill level 1 in Translocations
  3833 | D:5      | Reached skill level 1 in Conjurations
  3893 | D:5      | Reached skill level 2 in Transmutations
  3950 | D:5      | Reached skill level 4 in Dodging
  3984 | D:5      | Reached skill level 2 in Earth Magic
  4284 | D:6      | Found a staircase to the Ecumenical Temple.
  4295 | Temple   | Entered the Ecumenical Temple
  4508 | Temple   | Became a worshipper of Xom of Malicious Giggling
  4555 | D:6      | Reached skill level 2 in Translocations
  4637 | D:6      | XOM: divination: detect items
  4647 | D:6      | XOM: potion effect (magic)
  4708 | D:6      | Noticed Pikel
  4714 | D:6      | XOM: silly message
  4745 | D:6      | Killed Pikel
  4746 | D:6      | Reached skill level 3 in Conjurations
  4746 | D:6      | Reached skill level 3 in Translocations
  4746 | D:6      | Reached skill level 3 in Transmutations
  4746 | D:6      | Reached skill level 3 in Earth Magic
  4758 | D:6      | Reached XP level 9. HP: 54/66 MP: 5/15
  5027 | D:6      | XOM: silly message
  5094 | D:6      | Reached skill level 5 in Fighting
  5161 | D:6      | XOM: silly message
  5215 | D:6      | Found a shadowy altar of Dithmenos.
  5413 | D:6      | Found an ornate altar of the Wu Jian Council.
  5415 | D:6      | XOM: 1-stop teleportation journey
  5494 | D:6      | Found an ancient bone altar of Kikubaaqudgha.
  5494 | D:6      | Found a bloodstained altar of Trog.
  5496 | D:6      | Found a hazy altar of Hepliaklqana.
  5497 | D:6      | Found a snail-covered altar of Cheibriados.
  5553 | D:6      | XOM: torment (39/68 hp)
  5617 | D:6      | XOM: stat loss: -1 Str (6/7)
  5659 | D:6      | XOM: give mutation
  5659 | D:6      | Gained mutation: You are frail. (-10% HP) [Xom's mischief]
  5677 | D:6      | Found a sparkling altar of Nemelex Xobeh.
  5681 | D:6      | XOM: noise
  5769 | D:6      | Found a burning altar of Makhleb.
  5928 | D:7      | Found Honoits's CLEARANCE SALE!.
  5945 | D:7      | Reached skill level 5 in Spellcasting
  5997 | D:7      | Bought a ring of magical power for 80 gold pieces
  5997 | D:7      | Bought a scroll of identify for 8 gold pieces
  6005 | D:7      | XOM: divination: detect items
  6147 | D:7      | XOM: potion effect (heal wounds)
  6150 | D:7      | Reached skill level 4 in Conjurations
  6519 | D:7      | Noticed Joseph
  6567 | D:7      | XOM: divination: magic mapping
  6660 | D:7      | Reached skill level 8 in Ice Magic
  6808 | D:7      | XOM: confusion
  6809 | D:7      | XOM: silly message
  6822 | D:7      | Reached skill level 6 in Fighting
  6895 | D:7      | Reached XP level 10. HP: 45/66 MP: 18/18
  6918 | D:7      | XOM: silly message
  7357 | D:8      | Reached skill level 6 in Spellcasting
  7388 | D:8      | Learned a level 3 spell: Stone Arrow
  7467 | D:8      | Noticed a two-headed ogre
  7471 | D:8      | XOM: cast spell 'Leda's Liquefaction'
  7474 | D:8      | Killed a two-headed ogre
  7475 | D:8      | Reached skill level 9 in Ice Magic
  7479 | D:8      | Reached skill level 4 in Earth Magic
  7731 | D:8      | XOM: noise
  7785 | D:8      | XOM is BORED!
  7785 | D:8      | XOM: silly message
  7854 | D:8      | XOM is BORED!
  7854 | D:8      | XOM: silly message
  7969 | D:8      | XOM: give mutations
  7969 | D:8      | Gained mutation: Your system is resistant to poisons.
                  | (rPois) [Xom's grace]
  7969 | D:8      | Gained mutation: You have a somewhat thin skeletal
                  | structure. (Dex +2, Stealth+) [Xom's grace]
  7969 | D:8      | Gained mutation: You have large cloven feet. [Xom's grace]
  8146 | D:9      | XOM: divination: magic mapping
  8193 | D:9      | Reached skill level 5 in Earth Magic
  8329 | D:9      | Found Emeurph's Firing Range.
  8663 | D:9      | Reached skill level 10 in Ice Magic
  8663 | D:9      | Reached skill level 1 in Evocations
  8678 | D:9      | XOM: divination: detect creatures
  8700 | D:9      | Found a hide-covered altar of Uskayaw.
  8736 | D:9      | Found a staircase to the Orcish Mines.
  8762 | D:9      | Identified a scroll of acquirement
  8793 | D:9      | Reached skill level 2 in Evocations
  8834 | D:9      | Reached skill level 6 in Earth Magic
  8866 | D:9      | Acquired a +1 demon blade of electrocution
  8982 | D:9      | XOM: give mutations
  8982 | D:9      | Gained mutation: Your muscles are strong. (Str +2) [Xom's
                  | grace]
  8982 | D:9      | Lost mutation: You have large cloven feet. [Xom's grace]
  8982 | D:9      | Gained mutation: You have sharp toenails. [Xom's grace]
  8982 | D:9      | Gained mutation: You passively map a small area around you.
                  | [Xom's grace]
  9143 | D:10     | Entered Level 10 of the Dungeon
  9144 | D:10     | XOM: scenery: summon butterflies
  9171 | D:10     | Found a flagged portal.
  9176 | D:10     | XOM: scenery: summon butterflies
  9183 | D:10     | Identified the +0 pair of boots of Distant Worlds {Harm
                  | rN+++ Int-3 SInv}
  9195 | Bailey   | Entered a bailey
  9200 | Bailey   | Noticed an orc warlord
  9324 | Bailey   | Found a runed translucent gate.
  9326 | Bailey   | Found a runed translucent gate.
  9328 | Bailey   | Found a runed translucent gate.
  9469 | Bailey   | XOM: scenery: 1 doors close
  9485 | Bailey   | XOM: cleaving
  9539 | Bailey   | Killed an orc warlord
  9540 | Bailey   | Reached skill level 4 in Transmutations
  9540 | Bailey   | Reached skill level 3 in Evocations
  9540 | Bailey   | Reached XP level 11. HP: 72/72 MP: 18/20
  9593 | Bailey   | Acquired 956 gold pieces
  9605 | Bailey   | Reached skill level 8 in Transmutations
  9605 | Bailey   | Reached skill level 9 in Earth Magic
  9605 | Bailey   | Reached XP level 12. HP: 79/79 MP: 21/21
  9613 | Bailey   | XOM is BORED!
  9613 | Bailey   | XOM: stat loss: -2 Dex (15/17)
  9654 | D:10     | XOM: divination: detect items
  9782 | D:10     | XOM: scenery: 1 doors open
  9786 | D:10     | Found Ythrytupn's General Store.
  9786 | D:10     | XOM: 8-stop teleportation journey
  9841 | D:10     | XOM: scenery: 2 fountains blood, 1 doors close
  9849 | D:10     | Bought a wand of charming (7) for 99 gold pieces
  9849 | D:10     | Bought a scroll of vulnerability for 82 gold pieces
  9849 | D:10     | Bought a scroll of fear for 38 gold pieces
  9849 | D:10     | Bought a scroll of fog for 22 gold pieces
  9849 | D:10     | Bought a scroll of magic mapping for 38 gold pieces
  9896 | D:10     | Noticed Urug
  9904 | D:10     | Killed Urug
  9905 | D:10     | Reached skill level 4 in Evocations
  9974 | D:10     | XOM: divination: detect items
 10559 | D:10     | Noticed a two-headed ogre
 10566 | D:10     | Killed a two-headed ogre
 10569 | D:10     | Reached skill level 9 in Transmutations
 10639 | D:10     | XOM: give mutations
 10639 | D:10     | Gained mutation: Your magical capacity is low. (-10% MP)
                  | [Xom's mischief]
 10639 | D:10     | Lost mutation: You are frail. (-10% HP) [Xom's mischief]
 10639 | D:10     | Gained mutation: Your body sometimes deteriorates upon
                  | taking damage. [Xom's mischief]
 10797 | D:11     | Noticed Gastronok
 10921 | D:11     | Noticed Maurice
 10931 | D:11     | Killed Maurice
 10965 | D:11     | Reached skill level 10 in Earth Magic
 11021 | D:11     | Noticed Erica
 11024 | D:11     | XOM: divination: magic mapping
 11031 | D:11     | Killed Erica
 11078 | D:11     | Reached skill level 10 in Transmutations
 11096 | D:11     | Killed Gastronok
 11108 | D:11     | Found a frozen archway.
 11137 | IceCv    | Entered an ice cave
 11145 | IceCv    | Reached skill level 11 in Transmutations
 11230 | IceCv    | XOM: scenery: summon butterflies
 11367 | IceCv    | Noticed a death yak
 11371 | IceCv    | XOM: summons 5 friendly demons
 11378 | IceCv    | Noticed a death yak
 11385 | IceCv    | Killed a death yak
 11386 | IceCv    | Reached skill level 1 in Long Blades
 11403 | IceCv    | Killed a death yak
 11404 | IceCv    | Reached skill level 2 in Long Blades
 11404 | IceCv    | Reached skill level 12 in Transmutations
 11527 | IceCv    | Got Sif Muna's Tome of the Snowflakes
 11552 | IceCv    | XOM: god gift: scroll of enchant armour
 11706 | IceCv    | Reached skill level 3 in Long Blades
 11754 | IceCv    | XOM: scenery: summon butterflies
 11763 | IceCv    | Noticed a death yak
 11769 | IceCv    | Killed a death yak
 11771 | IceCv    | Reached XP level 13. HP: 94/94 MP: 11/19
 11776 | IceCv    | Reached skill level 4 in Long Blades
 11824 | IceCv    | Learned a level 6 spell: Statue Form
 11856 | IceCv    | Reached skill level 5 in Long Blades
 11963 | IceCv    | XOM: give mutation
 11963 | IceCv    | Gained mutation: You expend magic power (3 MP) to
                  | strengthen your wands. [Xom's grace]
 11991 | IceCv    | Reached skill level 7 in Fighting
 12043 | IceCv    | Noticed a frost giant
 12071 | IceCv    | XOM: fog
 12166 | D:11     | XOM: potion effect (curing)
 12477 | D:7      | Killed Joseph
 12478 | D:7      | Reached skill level 6 in Long Blades
 12695 | D:11     | Found a staircase to the Lair.
 13018 | D:11     | Acquired 971 gold pieces
 13037 | Lair:1   | Entered Level 1 of the Lair of Beasts
 13130 | Lair:1   | XOM: potion effect (magic)
 13142 | Lair:1   | Reached skill level 7 in Long Blades
 13489 | Lair:1   | XOM: 3-stop teleportation journey
 13611 | Lair:1   | XOM: noise
 13669 | Lair:1   | XOM: cloud trail
 13785 | Lair:1   | XOM: silly message
 13980 | Lair:2   | Reached skill level 8 in Long Blades
 14023 | Lair:2   | XOM: polymorph yak -> hornet
 14028 | Lair:2   | Reached skill level 8 in Fighting
 14028 | Lair:2   | XOM: scenery: create altars
 14476 | Lair:2   | XOM: cleaving
 14890 | Lair:2   | XOM: stat loss: -1 Int (27/28)
 14939 | Lair:3   | Reached skill level 1 in Shields
 14944 | Lair:3   | Reached skill level 9 in Long Blades
 15056 | Lair:3   | XOM: 1-stop teleportation journey
 15069 | Lair:3   | XOM: summons 3 hostile demons
 15159 | Lair:3   | Found a snail-covered altar of Cheibriados.
 15162 | Lair:3   | Reached skill level 2 in Shields
 15274 | Lair:3   | XOM: summons 7 hostile demons
 15378 | Lair:3   | XOM: silly message
 15414 | Lair:3   | Found a staircase to the Snake Pit.
 15417 | Lair:3   | Reached XP level 14. HP: 106/106 MP: 20/20
 15456 | Lair:3   | XOM: noise
 15461 | Lair:3   | Reached skill level 10 in Long Blades
 15575 | Lair:3   | Reached skill level 3 in Shields
 15629 | Lair:3   | XOM: fake destruction
 15678 | Lair:3   | Reached skill level 9 in Fighting
 15698 | Lair:3   | XOM: fake destruction
 15765 | Lair:3   | XOM: fog
 15923 | Lair:3   | XOM: summons 3 hostile demons
 16119 | Lair:4   | Found a gate leading to a gauntlet.
 16159 | Gauntlet | Entered a Gauntlet
 16159 | Gauntlet | Found a transporter.
 16169 | Gauntlet | Found a transporter.
 16174 | Gauntlet | Found a runed translucent door.
 16176 | Gauntlet | Found a runed translucent door.
 16178 | Gauntlet | Found a transporter.
 16181 | Gauntlet | Found a transporter.
 16189 | Gauntlet | Found a transporter.
 16203 | Gauntlet | Found a runed translucent door.
 16205 | Gauntlet | Found a transporter.
 16216 | Gauntlet | Found a transporter.
 16228 | Gauntlet | Found a transporter.
 16242 | Gauntlet | Found a transporter.
 16257 | Gauntlet | Found a transporter.
 16257 | Gauntlet | Found a transporter.
 16311 | Gauntlet | Found a runed translucent door.
 16317 | Gauntlet | Found a transporter.
 16320 | Gauntlet | Found a transporter.
 16329 | Gauntlet | Found a transporter.
 16491 | Gauntlet | Identified the +2 hat of Darkness {Will+ Dex+3}
 16513 | Gauntlet | XOM: scenery: create altars
 16519 | Gauntlet | Identified the ring of Tieptoi {rPois rC- AC+4 Str+2}
 16584 | Gauntlet | Reached skill level 4 in Shields
 16685 | Lair:4   | Reached skill level 11 in Long Blades
 16690 | Lair:4   | XOM: 4-stop teleportation journey
 16697 | Lair:4   | XOM: scenery: create altars
 16741 | Lair:4   | Noticed Kirke
 16751 | Lair:4   | XOM: destruction
 16752 | Lair:4   | Killed Kirke
 16752 | Lair:4   | XOM: give mutations
 16752 | Lair:4   | Gained mutation: Your flesh is cold resistant. (rC+) [Xom's
                  | grace]
 16752 | Lair:4   | Gained mutation: You are partially covered in iridescent
                  | scales. (AC +2) [Xom's grace]
 16843 | Lair:4   | Found a hazy altar of Hepliaklqana.
 16888 | Lair:4   | Noticed Nessos
 16901 | Lair:4   | Killed Nessos
 16908 | Lair:4   | XOM: confusion (+ monsters)
 16988 | Lair:4   | Found a staircase to the Swamp.
 17691 | Lair:5   | Found a staircase to the Slime Pits.
 17691 | Lair:5   | XOM: 1-stop teleportation journey
 17698 | Lair:5   | XOM: give mutations
 17698 | Lair:5   | Lost mutation: Your magical capacity is low. (-10% MP)
                  | [Xom's mischief]
 17698 | Lair:5   | Lost mutation: Your flesh is cold resistant. (rC+) [Xom's
                  | mischief]
 17703 | Lair:5   | XOM: stat loss: -1 Dex (19/20)
 17713 | Lair:5   | Reached skill level 5 in Shields
 17720 | Lair:5   | Reached skill level 12 in Long Blades
 17820 | Lair:5   | Reached skill level 10 in Fighting
 17866 | Lair:5   | XOM: polymorph butterfly -> gnoll
 17874 | Lair:5   | XOM: enchant monster (bad)
 17881 | Lair:5   | XOM: confusion
 18159 | Lair:5   | Found an ancient bone altar of Kikubaaqudgha.
 18262 | Lair:5   | XOM: summons 3 hostile shadow creatures
 18420 | Lair:6   | Entered Level 6 of the Lair of Beasts
 18467 | Lair:6   | Identified the +10 short sword of Impeachment {flame,
                  | Str+2}
 18520 | Lair:6   | XOM: potion effect (brilliance)
 18592 | Lair:6   | Found a runed translucent gate.
 18592 | Lair:6   | Found a runed translucent gate.
 18592 | Lair:6   | Found a runed translucent gate.
 18635 | Lair:6   | Noticed Lybbagupt's ghost (journeyman SpEn)
 18681 | Lair:6   | XOM: summons friendly white imp
 18689 | Lair:6   | XOM: polymorph death yak -> catoblepas
 18691 | Lair:6   | XOM: smoke on damage
 18696 | Lair:6   | Reached skill level 6 in Shields
 18702 | Lair:6   | Reached XP level 15. HP: 99/115 MP: 24/24
 18742 | Lair:6   | XOM: god gift: 24 gold pieces
 19240 | Lair:6   | Reached skill level 13 in Long Blades
 19495 | Lair:6   | XOM: destruction
 19798 | D:9      | XOM: cloud trail
 19802 | Orc:1    | Entered Level 1 of the Orcish Mines
 19854 | Orc:1    | XOM: 2-stop teleportation journey
 20071 | Orc:2    | Entered Level 2 of the Orcish Mines
 20099 | Orc:2    | XOM: confuse monster(s)
 20446 | Orc:2    | Found Tuqiutesad's General Store.
 20446 | Orc:2    | Noticed an orc warlord
 20446 | Orc:2    | XOM: 9-stop teleportation journey
 20479 | Orc:2    | XOM: scenery: summon butterflies
 20550 | Orc:2    | Killed an orc warlord
 20564 | Orc:2    | Found Ynigyirch's Book Emporium.
 20575 | Orc:2    | Bought a scroll of teleportation for 51 gold pieces
 20616 | Orc:2    | Found Cykyavydd's Antique Armour Emporium.
 20737 | Orc:2    | Found Fan Yduts's Antique Weapon Emporium.
 20788 | Orc:2    | Found a runed translucent gate.
 20788 | Orc:2    | Found a runed translucent gate.
 20793 | Orc:2    | Found a runed translucent gate.
 20793 | Orc:2    | Noticed dosdet's ghost (journeyman MiFi)
 20795 | Orc:2    | Found a staircase to the Elven Halls.
 20976 | Orc:2    | XOM: give mutations
 20976 | Orc:2    | Lost mutation: Your body sometimes deteriorates upon taking
                  | damage. [Xom's mischief]
 20976 | Orc:2    | Gained mutation: You are dopey. (Int -2) [Xom's mischief]
 21126 | Orc:2    | XOM: give mutations
 21126 | Orc:2    | Lost mutation: You are dopey. (Int -2) [Xom's mischief]
 21126 | Orc:2    | Lost mutation: You passively map a small area around you.
                  | [Xom's mischief]
 21126 | Orc:2    | Lost mutation: Your muscles are strong. (Str +2) [Xom's
                  | mischief]
 21254 | Orc:2    | XOM: noise
 21276 | Orc:2    | Bought a book of Transfigurations for 520 gold pieces
 21284 | Orc:2    | Learned a level 5 spell: Irradiate
 21300 | Orc:2    | Bought the -1 pair of boots of Enuijir {Int+4} for 253 gold
                  | pieces
 21379 | Orc:2    | Killed dosdet's ghost
 21445 | Orc:2    | XOM: give mutations
 21445 | Orc:2    | Lost mutation: You are partially covered in iridescent
                  | scales. (AC +2) [Xom's mischief]
 21445 | Orc:2    | Gained mutation: You are frail. (-10% HP) [Xom's mischief]
 21445 | Orc:2    | Gained mutation: You have a pair of small horns on your
                  | head. [Xom's mischief]
 21445 | Orc:2    | Gained mutation: You are clumsy. (Dex -2) [Xom's mischief]
 21471 | Orc:2    | Reached skill level 8 in Shields
 21471 | Orc:2    | Reached XP level 16. HP: 109/109 MP: 25/25
 21671 | D:12     | Noticed Nergalle
 21682 | D:12     | Killed Nergalle
 21710 | D:12     | Found Lykkollo's Weapon Boutique.
 21718 | D:12     | Bought the +7 captain's cutlass {speed, disarm} for 594
                  | gold pieces
 21718 | D:12     | Found the +7 captain's cutlass {speed, disarm}
 21809 | D:12     | You fall into a shaft and drop 1 floor!
 21897 | D:12     | Identified the ring "Zuakhlege" {Ice Will+ Str-2 SInv
                  | Stlth+}
 21949 | D:12     | Found Ment's Armour Boutique.
 22068 | D:12     | Reached skill level 1 in Short Blades
 22076 | D:12     | XOM: summons 3 hostile demons
 22249 | D:12     | XOM: torment (52/109 hp)
 22408 | D:12     | Reached skill level 9 in Shields
 22453 | D:12     | Reached skill level 2 in Short Blades
 22480 | D:12     | Found Nugoafoore's Magic Scroll Shop.
 22486 | D:12     | Bought a scroll of teleportation for 42 gold pieces
 22486 | D:12     | Bought a scroll of immolation for 49 gold pieces
 22486 | D:12     | Bought a scroll of immolation for 49 gold pieces
 22486 | D:12     | Bought a scroll of fear for 49 gold pieces
 22486 | D:12     | Bought a scroll of magic mapping for 49 gold pieces
 22486 | D:12     | Bought a scroll of blinking for 105 gold pieces
 22553 | D:12     | XOM: silly message
 22705 | D:12     | Reached skill level 3 in Short Blades
 22791 | D:12     | Found Kighuxa's Jewellery Shop.
 22802 | D:12     | Bought the ring "Caittute" {MP+9 Dex+2 Slay+2} for 554 gold
                  | pieces
 22802 | D:12     | Bought an amulet of reflection for 420 gold pieces
 22950 | D:13     | XOM: enchant monster (bad)
 22984 | D:13     | XOM: silly message
 23053 | D:13     | Reached skill level 4 in Short Blades
 23495 | D:13     | XOM: stat loss: -1 Str (6/7)
 23553 | D:13     | Reached skill level 5 in Short Blades
 23587 | D:13     | XOM: 1-stop teleportation journey
 23802 | D:13     | XOM: give mutations
 23802 | D:13     | Lost mutation: You expend magic power (3 MP) to strengthen
                  | your wands. [Xom's mischief]
 23802 | D:13     | Gained mutation: You are weak. (Str -2) [Xom's mischief]
 23802 | D:13     | Lost mutation: You are frail. (-10% HP) [Xom's mischief]
 24076 | D:13     | Reached skill level 6 in Short Blades
 24165 | D:13     | Found a gate to the Vaults.
 24467 | D:14     | XOM: 1-stop teleportation journey
 24635 | D:14     | Reached skill level 7 in Short Blades
 24735 | D:14     | Reached skill level 10 in Shields
 24821 | D:14     | XOM: give mutations
 24821 | D:14     | Gained mutation: You possess an exceptional clarity of
                  | mind. [Xom's grace]
 24821 | D:14     | Lost mutation: You have sharp toenails. [Xom's grace]
 24821 | D:14     | Gained mutation: You have large cloven feet. [Xom's grace]
 24833 | D:14     | Reached skill level 8 in Short Blades
 25210 | D:14     | XOM: stat loss: -1 Int (33/34)
 25342 | D:15     | Entered Level 15 of the Dungeon
 25395 | D:15     | XOM: swap monsters
 25485 | D:15     | XOM: 2-stop teleportation journey
 25539 | D:15     | XOM: 1-stop teleportation journey
 25874 | D:15     | XOM: blink monster(s)
 25880 | D:15     | Reached skill level 9 in Short Blades
 25986 | D:15     | Found a staircase to the Depths.
 26001 | D:15     | Reached XP level 17. HP: 128/128 MP: 26/26
 26062 | D:15     | Noticed Jorgrun
 26080 | D:15     | Killed Jorgrun
 26446 | D:15     | XOM: give mutations
 26446 | D:15     | Gained mutation: You are very weak. (Str -4) [Xom's
                  | mischief]
 26446 | D:15     | Gained mutation: You occasionally shout uncontrollably at
                  | your foes. [Xom's mischief]
 26667 | Orc:2    | Bought a runed robe for 118 gold pieces
 26670 | Orc:2    | XOM: noise
 26838 | Snake:1  | Entered Level 1 of the Snake Pit
 26942 | Snake:1  | XOM: stat loss: -1 Int (33/34)
 26975 | Snake:1  | Reached skill level 10 in Short Blades
 27242 | Snake:1  | Found Qufal's Weapon Shop.
 27256 | Snake:1  | Found Wyawohab's Assorted Antiques.
 27259 | Snake:1  | Found Fusumaff's Book Shop.
 27272 | Snake:1  | Bought a scroll of fog for 74 gold pieces
 27276 | Snake:1  | Bought an embroidered robe for 136 gold pieces
 27276 | Snake:1  | Bought a scroll of immolation for 129 gold pieces
 27276 | Snake:1  | Bought an inky potion for 33 gold pieces
 27317 | Snake:1  | Reached skill level 11 in Shields
 27580 | Snake:1  | Found Adohont's Armour Boutique.
 27599 | Snake:1  | Bought the +1 pair of boots of Vekh {Int+8 Slay+2} for 625
                  | gold pieces
 27636 | Snake:1  | XOM: give mutations
 27636 | Snake:1  | Gained mutation: You frequently scream uncontrollably at
                  | your foes. [Xom's mischief]
 27636 | Snake:1  | Lost mutation: You are very weak. (Str -4) [Xom's mischief]
 27636 | Snake:1  | Lost mutation: You have large cloven feet. [Xom's mischief]
 27636 | Snake:1  | Lost mutation: You possess an exceptional clarity of mind.
                  | [Xom's mischief]
 27643 | Snake:1  | Reached skill level 5 in Dodging
 27920 | Snake:2  | XOM: give mutations
 27920 | Snake:2  | Lost mutation: You are clumsy. (Dex -2) [Xom's mischief]
 27920 | Snake:2  | Gained mutation: You are dopey. (Int -2) [Xom's mischief]
 27920 | Snake:2  | Gained mutation: Your body sometimes deteriorates upon
                  | taking damage. [Xom's mischief]
 27920 | Snake:2  | Lost mutation: You are weak. (Str -2) [Xom's mischief]
 28044 | Snake:2  | XOM: swap monsters
 28079 | Snake:2  | Reached skill level 5 in Stealth
 28218 | Snake:2  | Reached skill level 6 in Dodging
 28227 | Snake:2  | XOM: 1-stop teleportation journey
 28438 | Snake:2  | XOM: 10-stop teleportation journey
 29153 | Snake:3  | Found Mihuik's Antique Weapon Boutique.
 29211 | Snake:3  | Gained mutation: Potions are less effective at restoring
                  | your health. [mutagenic glow]
 29263 | Snake:3  | Reached skill level 12 in Shields
 29305 | Snake:3  | Identified Roxanne's Disquisition on Moulding
 29305 | Snake:3  | Noticed Roxanne
 29413 | Snake:3  | Reached skill level 6 in Stealth
 29444 | Snake:3  | XOM: summons 4 hostile demons
 29467 | Snake:3  | XOM: cloud trail
 29583 | Snake:3  | XOM: enchant monster (good)
 29661 | Snake:3  | Noticed Vashnia
 29676 | Snake:3  | XOM: 3-stop teleportation journey
 29700 | Snake:3  | Killed Vashnia
 29701 | Snake:3  | Reached skill level 7 in Stealth
 29709 | Snake:3  | Reached skill level 7 in Dodging
 29753 | Snake:3  | XOM: 3-stop teleportation journey
 29811 | Snake:3  | XOM: god gift: 51 gold pieces
 29870 | Snake:3  | XOM: divination: detect items
 29877 | Snake:3  | XOM: noise
 29935 | Snake:3  | XOM: god gift: 48 gold pieces
 29961 | Snake:3  | XOM: give mutations
 29961 | Snake:3  | Gained mutation: You are somewhat resistant to further
                  | mutation. [Xom's grace]
 30077 | Snake:3  | Noticed Aizul
 30091 | Snake:3  | XOM: god gift: 296 gold pieces
 30094 | Snake:3  | Killed Aizul
 30258 | Snake:4  | Entered Level 4 of the Snake Pit
 30319 | Snake:4  | XOM: polymorph naga warrior -> glowing orange brain
 30322 | Snake:4  | XOM: god gift: Xom's Handbook of Megalomania {god gift}
 30327 | Snake:4  | Got Xom's Handbook of Megalomania {god gift}
 30596 | Snake:4  | XOM: polymorph naga warrior -> sea snake
 30865 | Snake:4  | XOM: cloud trail
 30883 | Snake:4  | XOM: scenery: create altars
 30938 | Snake:4  | XOM: scenery: create altars
 30946 | Snake:4  | Reached skill level 8 in Stealth
 30964 | Snake:4  | XOM: enchant monster (bad)
 30965 | Snake:4  | XOM: enchant monster (bad)
 30968 | Snake:4  | XOM: swap monsters
 30970 | Snake:4  | XOM: summons friendly quasit
 30977 | Snake:4  | XOM: confusion
 30980 | Snake:4  | XOM: polymorph mana viper -> floating eye
 30991 | Snake:4  | XOM: cast spell 'Call Canine Familiar'
 31111 | Snake:4  | XOM: give mutation
 31111 | Snake:4  | Lost mutation: You frequently scream uncontrollably at your
                  | foes. [Xom's mischief]
 31155 | Snake:4  | Reached XP level 18. HP: 134/134 MP: 27/27
 31158 | Snake:4  | Reached skill level 13 in Shields
 31361 | Snake:4  | Gained mutation: You sometimes lose the ability to read
                  | scrolls when taking damage. [mutagenic glow]
 31723 | Snake:4  | XOM: stat loss: -1 Str (5/7)
 31794 | Snake:4  | XOM: silly message
 32088 | Snake:4  | XOM: 1-stop teleportation journey
 32169 | Snake:4  | XOM: confusion (+ monsters)
 32178 | Snake:4  | Reached skill level 9 in Stealth
 32178 | Snake:4  | XOM: stat loss: -1 Dex (21/22)
 32313 | Snake:4  | XOM: chaos upgrade
 32321 | Snake:4  | XOM: enchant monster (bad)
 32407 | Snake:4  | Reached skill level 8 in Dodging
 32498 | Snake:4  | XOM: noise
 32502 | Snake:4  | XOM: enchant monster (bad)
 32564 | Snake:4  | XOM: summons 10 hostile demons
 32691 | Snake:4  | XOM: chaos upgrade
 32774 | Snake:4  | Reached skill level 7 in Spellcasting
 32776 | Snake:4  | XOM: confusion (+ monsters)
 32777 | Snake:4  | XOM: polymorph nagaraja -> azure jelly
 32799 | Snake:4  | XOM: stat loss: -1 Str (6/7)
 32868 | Snake:4  | Got a serpentine rune of Zot
 32951 | Snake:4  | XOM: blink monster(s)
 32952 | Snake:4  | XOM: give mutations
 32952 | Snake:4  | Lost mutation: You have a pair of small horns on your head.
                  | [Xom's mischief]
 32952 | Snake:4  | Gained mutation: Armour fits poorly on your strangely
                  | shaped body. [Xom's mischief]
 33108 | Swamp:1  | Entered Level 1 of the Swamp
 33109 | Swamp:1  | Upgraded the game from 0.28-a0-925-gd5e1996cdb to
                  | 0.28-a0-932-g843f935a50
 33267 | Swamp:1  | XOM: blink monster(s)
 33424 | Swamp:1  | XOM: summons friendly ufetubus
 33641 | Swamp:1  | Reached skill level 10 in Stealth
 34173 | Swamp:2  | XOM: scenery: summon butterflies
 34322 | Swamp:2  | XOM: give mutation
 34322 | Swamp:2  | Lost mutation: You occasionally shout uncontrollably at
                  | your foes. [Xom's mischief]
 34363 | Swamp:1  | XOM: give mutations
 34363 | Swamp:1  | Lost mutation: You are dopey. (Int -2) [Xom's mischief]
 34363 | Swamp:1  | Gained mutation: You are weak. (Str -2) [Xom's mischief]
 34363 | Swamp:1  | Lost mutation: Your body sometimes deteriorates upon taking
                  | damage. [Xom's mischief]
 34363 | Swamp:1  | Lost mutation: You are somewhat resistant to further
                  | mutation. [Xom's mischief]
 34398 | Swamp:2  | XOM: chaos upgrade
 34416 | Swamp:2  | Reached skill level 11 in Earth Magic
 34427 | Swamp:2  | XOM: destruction
 34622 | Swamp:2  | XOM: confuse monster(s)
 34654 | Swamp:2  | Reached skill level 13 in Transmutations
 34883 | Swamp:2  | Reached skill level 9 in Dodging
 35091 | Swamp:2  | Identified the +1 quarterstaff "Awetresu" {drain, rPois
                  | Str+5}
 35144 | Swamp:3  | XOM: 3-stop teleportation journey
 35184 | Swamp:3  | Reached skill level 14 in Shields
 35343 | Swamp:3  | XOM: enchant monster (good)
 35412 | Swamp:3  | XOM: 6-stop teleportation journey
 35427 | Swamp:3  | XOM: 1-stop teleportation journey
 35650 | Swamp:3  | Noticed Bai Suzhen
 35672 | Swamp:3  | Killed Bai Suzhen
 35773 | Swamp:3  | XOM: 4-stop teleportation journey
 35819 | Swamp:3  | XOM: swap monsters
 36025 | Swamp:4  | Entered Level 4 of the Swamp
 36028 | Swamp:4  | XOM: polymorph tyrant leech -> anaconda
 36036 | Swamp:4  | XOM: enchant monster (good)
 36096 | Swamp:4  | Noticed a tentacled monstrosity
 36103 | Swamp:4  | Killed a tentacled monstrosity
 36112 | Swamp:4  | XOM: divination: detect items
 36120 | Swamp:4  | Reached skill level 8 in Spellcasting
 36126 | Swamp:4  | XOM: summons 3 friendly demons
 36129 | Swamp:4  | XOM: scenery: summon butterflies
 36132 | Swamp:4  | Reached XP level 19. HP: 140/140 MP: 25/31
 36290 | Swamp:4  | XOM: chaos cloud
 36326 | Swamp:4  | XOM: enchant monster (bad)
 36341 | Swamp:4  | XOM: confusion (+ monsters)
 36824 | Swamp:4  | Got a decaying rune of Zot
 36843 | Swamp:4  | XOM: confuse monster(s)
 37020 | Swamp:4  | XOM: divination: magic mapping
 37374 | Elf:1    | Entered Level 1 of the Elven Halls
 37385 | Elf:1    | Reached skill level 10 in Dodging
 37483 | Elf:1    | Found a magical portal.
 37501 | WizLab   | Entered Alistair's Party Mansion
 37552 | WizLab   | Reached skill level 15 in Shields
 37568 | WizLab   | XOM: confuse monster(s)
 37577 | WizLab   | Reached skill level 12 in Earth Magic
 37580 | WizLab   | Learned a level 2 spell: Corpse Rot
 37585 | WizLab   | Learned a level 4 spell: Passage of Golubria
 37594 | WizLab   | XOM: silly message
 37627 | WizLab   | Reached skill level 1 in Necromancy
 37627 | WizLab   | Reached skill level 14 in Transmutations
 37663 | WizLab   | XOM: 1-stop teleportation journey
 37689 | WizLab   | Reached skill level 2 in Necromancy
 37792 | WizLab   | Reached skill level 3 in Necromancy
 37831 | WizLab   | XOM: divination: detect creatures
 37880 | WizLab   | Reached skill level 11 in Fighting
 37888 | WizLab   | Reached skill level 4 in Necromancy
 37899 | WizLab   | Acquired 632 gold pieces
 37947 | WizLab   | Got the Compendium of Unstable Poisoning
 38063 | Elf:1    | Found Oxoteff's Weapon Emporium.
 38247 | Elf:1    | Reached skill level 5 in Necromancy
 38284 | Elf:1    | XOM: summons 10 friendly demons
 38292 | Elf:1    | XOM: scenery: 1 doors open
 38310 | Elf:1    | Reached skill level 12 in Fighting
 38432 | Elf:1    | XOM: noise
 38571 | Elf:1    | Got Onefant's Papyrus of Attacks and the Entourage
 38712 | Elf:1    | Reached skill level 6 in Necromancy
 38745 | Elf:1    | XOM: summons friendly ufetubus
 39217 | Elf:2    | Lost mutation: You are weak. (Str -2) [potion of mutation]
 39217 | Elf:2    | Lost mutation: You sometimes lose the ability to read
                  | scrolls when taking damage. [potion of mutation]
 39217 | Elf:2    | Lost mutation: You have a somewhat thin skeletal structure.
                  | (Dex +2, Stealth+) [potion of mutation]
 39217 | Elf:2    | Gained mutation: Your mind is acute. (Int +2) [potion of
                  | mutation]
 39217 | Elf:2    | Gained mutation: You are partially covered in iridescent
                  | scales. (AC +2) [potion of mutation]
 39326 | Elf:2    | Got the Catalogue of Igneous Stones
 39383 | Elf:2    | Reached skill level 7 in Necromancy
 39419 | Elf:2    | Found a runed translucent gate.
 39419 | Elf:2    | Found a runed translucent gate.
 39419 | Elf:2    | Found a runed translucent gate.
 39425 | Elf:2    | Reached skill level 13 in Fighting
 39769 | Vaults:1 | Entered Level 1 of the Vaults
 39832 | Vaults:1 | XOM: silly message
 39833 | Vaults:1 | XOM: potion effect (brilliance)
 39895 | Vaults:1 | XOM: divination: magic mapping
 39983 | Vaults:1 | Reached skill level 8 in Necromancy
 39987 | Vaults:1 | Reached XP level 20. HP: 158/158 MP: 32/32
 40011 | Vaults:1 | XOM: silly message
 40192 | Vaults:1 | Reached skill level 14 in Fighting
 40368 | Vaults:1 | XOM: noise
 40438 | Vaults:1 | XOM: polymorph ironbound preserver -> six-headed hydra
 40441 | Vaults:1 | Reached skill level 9 in Necromancy
 40633 | Vaults:1 | Found a runed translucent gate.
 40633 | Vaults:1 | Noticed wpisznazwe's ghost (adept TrAK)
 40634 | Vaults:1 | Found a runed translucent gate.
 40634 | Vaults:1 | Found a runed translucent gate.
 40685 | Vaults:1 | XOM: confuse monster(s)
 40701 | Vaults:1 | XOM: summons friendly iron imp
 40762 | Vaults:1 | XOM: god gift: kite shield {god gift}
 40787 | Vaults:1 | XOM: summons 4 friendly demons
 40788 | Vaults:1 | XOM: fake destruction
 40793 | Vaults:1 | Reached skill level 15 in Fighting
 40802 | Vaults:1 | XOM: noise
 40910 | Vaults:1 | Reached skill level 10 in Necromancy
 40997 | Vaults:1 | XOM: enchant monster (good)
 41025 | Vaults:1 | XOM: noise
 41085 | Vaults:1 | XOM: confuse monster(s)
 41090 | Vaults:1 | XOM: summons friendly iron imp
 41094 | Vaults:1 | XOM: summons 2 friendly demons
 41127 | Vaults:1 | XOM: enchant monster (good)
 41150 | Vaults:1 | XOM: polymorph iron imp -> crimson imp
 41250 | Vaults:1 | XOM: confuse monster(s)
 41258 | Vaults:1 | Reached skill level 11 in Necromancy
 41664 | Vaults:1 | Killed wpisznazwe's ghost
 41952 | Vaults:2 | Found Gywnye's Assorted Antiques.
 41957 | Vaults:2 | Bought a potion of curing for 75 gold pieces
 41957 | Vaults:2 | Bought 2 potions of heal wounds for 250 gold pieces
 41957 | Vaults:2 | Bought a scroll of teleportation for 75 gold pieces
 41995 | Vaults:2 | XOM: noise
 42122 | Vaults:2 | XOM: noise
 42168 | Vaults:2 | XOM: cast spell 'Cause Fear'
 42172 | Vaults:2 | Reached skill level 16 in Fighting
 42382 | Vaults:2 | Reached skill level 12 in Necromancy
 42700 | Vaults:2 | XOM: noise
 42916 | Vaults:2 | Found Buulam's Magic Scroll Shop.
 42931 | Vaults:2 | Bought a scroll of immolation for 63 gold pieces
 42931 | Vaults:2 | Bought a scroll of magic mapping for 63 gold pieces
 42931 | Vaults:2 | Bought a scroll of immolation for 63 gold pieces
 42931 | Vaults:2 | Bought a scroll of immolation for 63 gold pieces
 42931 | Vaults:2 | Bought a scroll of enchant armour for 135 gold pieces
 42996 | Vaults:2 | XOM: silly message
 43276 | Vaults:3 | Noticed Boris
 43281 | Vaults:3 | XOM: fog
 43281 | Vaults:3 | Killed Boris
 43528 | Vaults:3 | XOM: swap monsters
 43566 | Vaults:3 | XOM: noise
 43637 | Vaults:3 | XOM: smoke on damage
 43641 | Vaults:3 | Reached skill level 13 in Necromancy
 43641 | Vaults:3 | Reached XP level 21. HP: 155/172 MP: 27/33
 43846 | Vaults:3 | Noticed Asterion
 43854 | Vaults:3 | Killed Asterion
 43891 | Vaults:3 | XOM: confuse monster(s)
 44034 | Vaults:3 | XOM: divine lightning
 44036 | Vaults:3 | XOM: potion effect (might)
 44114 | Vaults:3 | Reached skill level 5 in Evocations
 44154 | Vaults:3 | XOM: cleaving
 44165 | Vaults:3 | Got the Almanac of the Mountains
 44248 | Vaults:3 | XOM: blink monster(s)
 44256 | Vaults:3 | XOM: swap monsters
 44363 | Vaults:3 | Got Sif Muna's Tome of the Traveller
 44504 | Vaults:3 | XOM: confusion
 44509 | Vaults:3 | XOM: blink monster(s)
 44518 | Vaults:3 | XOM: blink monster(s)
 44526 | Vaults:3 | Reached skill level 6 in Evocations
 44539 | Vaults:3 | XOM: blink monster(s)
 44547 | Vaults:3 | XOM: chaos cloud
 44558 | Vaults:3 | Paralysed by you for 3 turns
 44561 | Vaults:3 | Mangled by a deep troll

Illustrated notes

Levels and vault maps discovered:
D:1:      onia_arrival_handbag, layout_rooms
D:2:      layout_basic, shapermc_ecumenical_altar_mp_vishouse, uniq_jessica,
          uniq_terence
D:3:      layout_basic, lemuel_crystal_altar, lemuel_round_altar,
          chequers_big_river, minmay_misc_feat_diagonals, minivault_14,
          uniq_sigmund
D:4:      layout_basic
D:5:      layout_rooms, wad_woods_river_04, minmay_ogre_servants
D:6:      wad_woods_stonehenge, layout_loops_corners,
          grunt_temple_overflow_open, lemuel_crystal_altar,
          makhleb_blood_cavern_becter, minmay_temple_entry_proselytizer,
          serial_glass, glass_columns_a, glass_columns_c, serial_bayou_pond_b,
          uniq_pikel
D:7:      layout_gridville, nicolae_shop_clearance, uniq_joseph
D:8:      layout_loops_ring
D:9:      layout_loops_corners, mainiacjoe_overflow_cross_hatched,
          nicolae_tso_carved_into_rock, nicolae_shop_firing_range
D:10:     layout_basic, enter_bailey_3, serial_shops, kennysheep_little_box,
          dk_noncrumbling_3, uniq_urug
D:11:     layout_loops_ring, due_lair_maze_entry_diamond, serial_ice,
          serial_ice_n, serial_ice_f, serial_ice_c, serial_ice_b,
          portal_ice_cave_entry_ice_simulacra, uniq_gastronok, uniq_maurice,
          uniq_erica
D:12:     layout_loops_corners, special_room [special_room_orc], serial_shops,
          shop, nicolae_shop_waterfront, shop_statue, shop, uniq_nergalle
D:13:     layout_long_grid, grunt_vaults_entry_fortified
D:14:     layout_rooms, minmay_beelzebubs_servants
D:15:     grunt_enter_depths_snipers, layout_loops_ring, grunt_decor_cap,
          minivault_16, uniq_jorgrun
Temple:   minmay_temple_curvy_loop
Lair:1:   layout_concentric_octagons, special_room [special_room_bee],
          minivault_23, serial_bayou_shore_a
Lair:2:   layout_chaotic_city
Lair:3:   mu_elephants_graveyard, layout_regular_city,
          guppyfry_snake_entry_garden, kennysheep_snail_temple
Lair:4:   beast_lair_carwin_large_3, layout_big_grid, swamp_mist,
          gauntlet_entry_generic, basic_altar, uniq_kirke, uniq_nessos
Lair:5:   layout_regular_city, nicolae_slime_entry_slimehenge, basic_altar,
          grunt_megastairs_1, lemuel_fruit_fields, infiniplex_staircase_pool,
          lemuel_fruit_fields
Lair:6:   due_jungle_book, layout_cave_pods, maelrawn_ghost_gauntlet_escape,
          minmay_stone_trees_medium, serial_bayou_lagoon_a,
          infiniplex_staircase_pool_2
Swamp:1:  layout_basic_swamp, evilmike_swamp_ruin_house_3
Swamp:2:  nicolae_swamp_tree_isthmus, layout_falls_marsh,
          nicolae_swamp_ascending_descending
Swamp:3:  layout_falls_marsh, nicolae_swamp_trees_clearing,
          nicolae_swamp_feature_on_the_river_bank, uniq_bai_suzhen
Swamp:4:  swamp_alternative, layout_basic_swamp
Snake:1:  layout_misc_corridors, serial_shops, nicolae_square_shop,
          minmay_shop_star
Snake:2:  layout_onion, hangedman_snake_wide_pillar_pass, nicolae_snake_bzzzt,
          lemuel_fruit_tree
Snake:3:  layout_layer_cave, serial_shops, nicolae_shop_hallway_stairs,
          serial_bayou_shore_b, uniq_vashnia, uniq_aizul, uniq_roxanne
Snake:4:  grunt_snake_rune_spirals, layout_onion, nicolae_snake_storage_room
Orc:1:    layout_caves, mines1_david
Orc:2:    grunt_orc_cross, layout_caves, gammafunk_ghost_split
Elf:1:    eino_elf_arrival_the_gate, layout_geoelf_diagonals, serial_shops,
          nicolae_shop_trees, infiniplex_enter_wizlab_glasses,
          minmay_elf_sorcery
Elf:2:    nicolae_elf_blades_splatter_lattice [nicolae_blade_little_rooms],
          layout_geoelf_octagon
Vaults:1: ebering_ghost_rock_garden, nicolae_vaults_little_squares_4,
          ontoclasm_vaults_idyll, grunt_vaults_trifunnel,
          ontoclasm_vaults_ligature, nicolae_vaults_rhombus_6, v_rooms_3,
          nicolae_vaults_angled_halls, v_rooms_5,
          nicolae_vaults_inception_scallops, grunt_vaults_swirl, v_misc_3,
          v_pattern_2, nicolae_vaults_little_squares_1, st_lines,
          layout_vaults_maze
Vaults:2: ontoclasm_vaults_loading_screen, ontoclasm_vaults_chip,
          vaults_dpeg_doors, dpeg_vaults_monster_row,
          nicolae_vaults_little_squares_2, vaults_room_mumra_shop_pool,
          grunt_vaults_hallway_short, vaults_standard_mumra_x,
          layout_vaults_chaotic_city, serial_shops, nicolae_shop_hallway_plus
Vaults:3: hangedman_vaults_stitches, ontoclasm_vaults_eye,
          nicolae_vaults_network_quinsquares
          [nicolae_vaults_network_quincunx_subvault,
          nicolae_vaults_network_quincunx_subvault,
          nicolae_vaults_network_quincunx_subvault,
          nicolae_vaults_network_quincunx_subvault], vaults_room_stairs_pillars,
          minmay_crypt_entry_simple_box, st_check, grunt_vaults_twisty,
          layout_vaults_quadrants, serial_hangedman_research,
          hangedman_research_metamorphosis, hangedman_research_geology,
          hangedman_research_thermodynamics, hangedman_research_quantum,
          hangedman_research_toxicology, uniq_margery, uniq_asterion, uniq_boris

Skill      XL: |  1  2  3  4  5  6  7  8  9 10 11 12 13 14 15 16 17 18 19 20 21 |
---------------+----------------------------------------------------------------+-----
Stealth        | 4 8 10 | 10.0
Fighting       | 1 3 4 6 8 10 13 16 | 16.9
Ice Magic      | 5 6 7 8 10 | 10.0
Spellcasting   | 3 4 5 6 8 |  8.0
Dodging        | 3 4 7 9 10 | 10.0
Transmutations | 1 3 4 8 12 13 14 | 14.0
Earth Magic    | 1 3 6 9 10 11 12 | 12.0
Translocations | 3 |  3.0
Conjurations   | 3 4 |  4.0
Evocations     | 3 4 6 |  6.2
Long Blades    | 3 9 12 13 | 13.9
Shields        | 2 6 8 10 12 14 15 | 15.0
Short Blades   | 9 10 | 10.3
Necromancy     | 8 13 | 13.6

Action                   |  1- 3 |  4- 6 |  7- 9 | 10-12 | 13-15 | 16-18 | 19-21 || total
-------------------------+-------+-------+-------+-------+-------+-------+-------++-------
Melee: Whip              |     7 |    12 |       |       |       |       |       ||    19
       Bite              |       |     2 |    11 |     4 |    66 |   105 |   130 ||   318
       Mace              |       |    18 |    64 |       |       |       |       ||    82
       Long sword        |       |       |    22 |     7 |       |       |       ||    29
       Staff             |       |       |       |    14 |     1 |       |       ||    15
       Demon blade       |       |       |       |     8 |   492 |    13 |       ||   513
       Kick              |       |       |       |       |   145 |    86 |       ||   231
       Cutlass           |       |       |       |       |       |   959 |   988 ||  1947
       Headbutt          |       |       |       |       |       |   126 |       ||   126
       Unarmed           |       |       |       |       |       |       |     5 ||     5
Throw: Dart              |       |       |     1 |     5 |     1 |       |     1 ||     8
 Cast: Freeze            |    47 |    44 |    15 |       |       |       |       ||   106
       Frozen Ramparts   |     1 |     6 |    29 |    16 |    15 |       |       ||    67
       Ozocubu's Armour  |       |     5 |    24 |    13 |     9 |       |       ||    51
       Hailstorm         |       |       |    65 |    80 |    44 |   105 |    57 ||   351
       Stone Arrow       |       |       |       |   134 |   123 |    20 |    10 ||   287
       Blink             |       |       |       |     6 |     3 |       |       ||     9
       Passwall          |       |       |       |     4 |       |     1 |       ||     5
       Statue Form       |       |       |       |       |    80 |   122 |    90 ||   292
       Irradiate         |       |       |       |       |     1 |    71 |    46 ||   118
 Abil: End Transformatio |       |       |       |       |       |     1 |     1 ||     2
       Exsanguinate      |       |       |       |       |       |     1 |       ||     1
       Revivify          |       |       |       |       |       |     1 |       ||     1
Evoke: Wand              |       |     3 |     7 |     4 |     5 |    14 |     8 ||    41
       Box of beasts     |       |       |       |     1 |     1 |     1 |     3 ||     6
       Tin of tremorston |       |       |       |       |     2 |     4 |     2 ||     8
  Use: Scroll            |       |     2 |     5 |    13 |    14 |    11 |     7 ||    52
       Potion            |       |       |       |     1 |     1 |    10 |     2 ||    14
 Stab: Sleeping          |       |       |     1 |       |     5 |    16 |    27 ||    49
       Distracted        |       |       |       |     1 |     5 |     5 |     1 ||    12
       Paralysed         |       |       |       |       |     3 |     1 |     1 ||     5
       Confused          |       |       |       |       |     3 |     2 |    12 ||    17
       Invisible         |       |       |       |       |       |     2 |       ||     2
       Petrified         |       |       |       |       |       |     2 |       ||     2
Armor: Robe              |     6 |    17 |    60 |    55 |    43 |     8 |     1 ||   190
       Skin              |       |       |       |       |   477 |   427 |   255 ||  1159
Dodge: Dodged            |    17 |    35 |   101 |   112 |   574 |   443 |   431 ||  1713
       Repelled          |       |       |       |     1 |     4 |       |       ||     5
Block: Buckler           |       |       |       |       |    76 |       |       ||    76
       Kite shield       |       |       |       |       |       |   905 |   669 ||  1574
       Reflection        |       |       |       |       |       |   116 |    32 ||   148

Table legend: (Time is in decaauts)
 A = Elapsed time spent in this place.
 B = Non-inter-level travel time spent in this place.
 C = Inter-level travel time spent in this place.
 D = Time resting spent in this place.
 E = Time spent auto-exploring this place.
 F = Levels seen in this place.
 G = Mean time per level.
                   A        B        C        D        E       F      G
               +--------+--------+--------+--------+--------+-----+--------+
         Total |  50311 |  47532 |   2779 |   3488 |  32084 |  41 | 1227.1 |
       Dungeon |  17645 |  16227 |   1418 |    879 |  11901 |  15 | 1176.3 |
        Temple |    236 |    173 |     63 |      0 |    163 |   1 |  236.0 |
          Lair |   7620 |   7051 |    569 |      0 |   5511 |   6 | 1270.0 |
         Swamp |   5055 |   4915 |    140 |    786 |   2804 |   4 | 1263.8 |
     Snake Pit |   7158 |   6937 |    221 |    995 |   4452 |   4 | 1789.5 |
  Orcish Mines |   2235 |   2038 |    197 |    263 |   1121 |   2 | 1117.5 |
   Elven Halls |   2152 |   2056 |     96 |      0 |   1540 |   2 | 1076.0 |
        Vaults |   5480 |   5408 |     72 |     82 |   4131 |   3 | 1826.7 |
        Bailey |    420 |    420 |      0 |     28 |    140 |   1 |  420.0 |
      Ice Cave |   1012 |   1012 |      0 |    393 |     36 |   1 | 1012.0 |
        Wizlab |    717 |    717 |      0 |     13 |      0 |   1 |  717.0 |
      Gauntlet |    574 |    574 |      0 |     47 |    281 |   1 |  574.0 |
               +--------+--------+--------+--------+--------+-----+--------+

Top non-repeatable levels by time:
 Snake:4: 3164 daAuts
Vaults:1: 2366 daAuts
    D:13: 1866 daAuts
  Lair:3: 1739 daAuts
Vaults:2: 1736 daAuts
   Orc:2: 1736 daAuts
   Elf:1: 1613 daAuts
     D:7: 1602 daAuts
 Snake:2: 1546 daAuts
 Swamp:1: 1526 daAuts
  Lair:6: 1464 daAuts
     D:6: 1449 daAuts
    D:15: 1394 daAuts
    D:12: 1390 daAuts
Vaults:3: 1377 daAuts
